 Dungeon Crawl Stone Soup version 0.27-a0-860-gaf99fae3ca (webtiles) character file.

Game seed: 2215390464474146519

1610 spiderkeys the Chopper (level 9, -7/69 HPs)
             Began as a Formicid Fighter on Apr 2, 2021.
             Was a Believer of Okawaru.
             Killed from afar by Maggie (15 damage)
             ... with a bolt of fire
             ... on level 6 of the Dungeon.
             The game lasted 00:10:09 (7784 turns).

spiderkeys the Chopper (Formicid Fighter)           Turns: 7784, Time: 00:10:11

Health: -7/69      AC: 16    Str: 25    XL:     9   Next: 16%
Magic:  9/9        EV:  6    Int:  7    God:    Okawaru [**....]
Gold:   423        SH: 12    Dex: 10    Spells: 8/8 levels left

rFire    . . .     SeeInvis +   a - +1 war axe
rCold    . . .     Faith    .   c - +1 kite shield
rNeg     . . .     Spirit   .   w - +0 plate armour
rPois    .         Reflect  .   (helmet unavailable)
rElec    .         Harm     .   (no cloak)
rCorr    .         Rampage  .   (no gloves)
Will     .....                  (no boots)
Stlth    ..........             (no amulet)
HPRegen  0.21/turn              j - +4 ring of protection
MPRegen  0.11/turn              (no ring)

@: no status effects
A: permanent stasis, dig shafts and tunnels, antennae 3, four strong arms
a: Dig, Shaft Self, Renounce Religion, Heroism


You were on level 6 of the Dungeon.
You worshipped Okawaru.
Okawaru was pleased with you.
You visited 2 branches of the dungeon, and saw 9 of its levels.

You collected 447 gold pieces.
You spent 24 gold pieces at shops.

Inventory:

Hand Weapons
 a - a +1 war axe (weapon)
Armour
 c - a +1 kite shield (worn)
 w - a +0 plate armour (worn)
Jewellery
 j - a +4 ring of protection (left hand)
 o - an amulet of regeneration
 p - a +6 ring of strength
Wands
 g - a wand of iceblast (12)
 v - a wand of paralysis (8)
 x - a wand of mindburst (8)
Scrolls
 b - a scroll of magic mapping
 e - a scroll of summoning
 n - a scroll of enchant armour
 t - a scroll of acquirement {unknown}
 u - 2 scrolls of identify
Potions
 d - a potion of might
 f - a potion of ambrosia
 h - a potion of curing
 i - a potion of brilliance {unknown}
 k - a potion of cancellation
 l - a potion of heal wounds
 m - 3 potions of attraction
 q - 3 potions of flight
 r - 4 potions of lignification {unknown}
 s - a potion of haste {unknown}


   Skills:
 + Level 6.2 Fighting
 * Level 7.2 Axes
 + Level 6.2 Armour
 + Level 6.9 Shields


You had 8 spell levels left.
You didn't know any spells.
Your spell library contained the following spells:

 Spells                   Type           Power      Damage    Failure   Level
 Ice Form                 Ice/Tmut       0%         N/A       100%        4
 Metabolic Englaciation   Hex/Ice        0%         N/A       100%        5
 Freezing Cloud           Conj/Ice/Air   0%         6-21      100%        6
 Simulacrum               Ice/Necr       0%         N/A       100%        6
 Ozocubu's Refrigeration  Ice            0%         4d5       100%        7


Dungeon Overview and Level Annotations

Branches:
Dungeon (8/15)             Temple (1/1) D:6
   Lair: D:8-11

Altars:
Cheibriados
Dithmenos
Fedhas
Gozag
Hepliaklqana
Makhleb
Nemelex Xobeh
Okawaru
Qazlal
Ru
Sif Muna
Trog
Uskayaw
Wu Jian
Xom
Yredelemnul
Zin
Lugonu

Shops:
D:2 ??   D:5 *

Annotations:
D:6 Maggie


Innate Abilities, Weirdness & Mutations

You cannot be hasted, slowed, berserked, paralysed or teleported.
You can dig through walls and to a lower floor.
You have a pair of large antennae on your head. (SInv)
Your four strong arms can wield two-handed weapons with a shield.


Message History

Maggie hits you but does no damage.
You slash Maggie!
Maggie is heavily wounded.
You block Maggie's attack.
You hit Maggie.
Maggie is heavily wounded.
Maggie casts a spell at you.
The bolt of fire hits you but does no damage.
Maggie barely misses you.
You slash Maggie!
Maggie is severely wounded.
Maggie hits you with a +0 halberd.
You hit Maggie.
Maggie is severely wounded.
Maggie hits you but does no damage.
You barely miss Maggie.
Maggie is severely wounded.
Maggie casts a spell at you. The bolt of fire hits you!
* * * LOW HITPOINT WARNING * * *
You hit Maggie.
Maggie is severely wounded.
Maggie hits you with a +0 halberd!
* * * LOW HITPOINT WARNING * * *
Maggie hits you but does no damage.
Aiming: Paralyse
Press: ? - help, Shift-Dir - straight line, f - Maggie
Aim: Maggie, wielding a +0 halberd and wearing +0 acid dragon scales (severely wounded, chance to affect: 46%) Maggie resists with some effort.
You block Maggie's attack.
Aiming: Paralyse
Press: ? - help, Shift-Dir - straight line, f/p - Maggie
Aim: Maggie, wielding a +0 halberd and wearing +0 acid dragon scales (severely wounded, chance to affect: 46%) Maggie resists with some effort.
You block Maggie's attack.
Aiming: Paralyse
Press: ? - help, Shift-Dir - straight line, f/p - Maggie
Aim: Maggie, wielding a +0 halberd and wearing +0 acid dragon scales (severely wounded, chance to affect: 46%) Maggie resists with some effort.
Maggie points at you and mumbles some strange words.
The bolt of fire hits you!
You die...

###.# #.. # ....####
#.####### #.# .....[
....$...# .#. ....#
#........ #..
####...#####$.......
#.##.................#
##..........# #.@....#
##.........#.#
#@.....#
#.#...##<....#
#.##.###
..........#.## #.#
...>......# # #.#
....#######.####.#
##### #......# #
######.# # #.# #.# #
#.# #.#


You could see Maggie.

Vanquished Creatures
  A sky beast (D:5)
  A necrophage (D:5)
  A wolf (D:5)
  2 gnoll sergeants (D:5)
  6 scorpions
  A water moccasin skeleton (D:6)
  4 hounds
  A gnoll shaman (D:5)
  2 bullfrog skeletons
  3 orc priests
  Jessica (D:3)
  A centaur skeleton (D:5)
  2 iguanas (D:4)
  An orc wizard (D:3)
  A scorpion zombie (D:5)
  2 hound skeletons (D:4)
  A howler monkey zombie (D:7)
  2 howler monkey skeletons
  An adder (D:6)
  20 gnolls
  An ufetubus (D:5)
  2 adder skeletons (D:4)
  2 worms (D:2)
  A dart slug (D:3)
  12 orcs
  5 ball pythons
  6 endoplasms
  9 giant cockroaches
  8 goblins
  11 hobgoblins
  10 jackals
  12 kobolds
  4 quokkas
  3 bats
  2 frilled lizards
  5 rats
147 creatures vanquished.

Notes
Turn   | Place    | Note
-------+----------+-------------------------------------------
     0 | D:1      | spiderkeys the Formicid Fighter began the quest for the
                  | Orb.
     0 | D:1      | Reached XP level 1. HP: 18/18 MP: 1/1
    92 | D:1      | Reached XP level 2. HP: 17/24 MP: 2/2
   403 | D:1      | Reached XP level 3. HP: 19/29 MP: 3/3
  1324 | D:2      | Found Moff's Magic Scroll Emporium.
  1343 | D:2      | Bought a scroll of identify for 24 gold pieces
  1527 | D:2      | Found Bizahak's Magic Scroll Emporium.
  1788 | D:2      | Reached XP level 4. HP: 37/37 MP: 4/4
  1897 | D:2      | Found a stormy altar of Qazlal.
  2173 | D:3      | Noticed Jessica
  2181 | D:3      | Killed Jessica
  2182 | D:3      | Reached skill level 3 in Axes
  2434 | D:3      | Found an ornate altar of the Wu Jian Council.
  2551 | D:3      | Found a faded altar of an unknown god.
  2656 | D:3      | Found a snail-covered altar of Cheibriados.
  2668 | D:3      | Found a blossoming altar of Fedhas.
  2684 | D:3      | Reached XP level 5. HP: 21/42 MP: 5/5
  4040 | D:4      | Reached skill level 4 in Axes
  4040 | D:4      | Reached XP level 6. HP: 16/48 MP: 6/6
  4267 | D:4      | Found a shimmering altar of Xom.
  4270 | D:4      | Noticed an angel
  4282 | D:4      | You fall into a shaft and drop 1 floor!
  4282 | D:5      | Entered Level 5 of the Dungeon
  4639 | D:4      | Found a glowing silver altar of Zin.
  4656 | D:4      | Reached skill level 5 in Shields
  4664 | D:4      | You fall into a shaft and drop 3 floors!
  4671 | D:7      | Found a burning altar of Makhleb.
  5143 | D:6      | Found a staircase to the Ecumenical Temple.
  5188 | D:6      | Reached XP level 7. HP: 42/55 MP: 7/7
  5274 | Temple   | Entered the Ecumenical Temple
  5302 | Temple   | Became a worshipper of Warmaster Okawaru
  5415 | D:4      | Reached skill level 5 in Axes
  5504 | D:4      | Found a shadowy altar of Dithmenos.
  5901 | D:3      | Reached skill level 5 in Armour
  5976 | D:4      | Reached skill level 5 in Fighting
  6282 | D:5      | Reached * piety under Okawaru
  6283 | D:5      | Reached XP level 8. HP: 38/62 MP: 8/8
  6544 | D:5      | Reached skill level 6 in Axes
  6757 | D:5      | Found Toozi's Assorted Antiques.
  6914 | D:5      | Found an opulent altar of Gozag.
  6914 | D:5      | Found a sparkling altar of Nemelex Xobeh.
  7087 | D:5      | Reached ** piety under Okawaru
  7347 | D:5      | Reached XP level 9. HP: 69/69 MP: 9/9
  7605 | D:5      | Reached skill level 7 in Axes
  7770 | D:6      | Noticed Maggie
  7784 | D:6      | Killed from afar by Maggie

Illustrated notes

Levels and vault maps discovered:
D:1:      onia_arrival_mini_maze_b, layout_loops_ring
D:2:      layout_basic, basic_altar, serial_shops, shop_scrolls,
          nicolae_shop_window_shopping, minmay_between
D:3:      layout_loops_ring, general_overflow_altar, amcnicky_altar_gilded,
          kennysheep_slug_shrine, ebering_ecumenical_altar_sacrificial,
          minmay_goblin_kobold_house, uniq_jessica
D:4:      layout_loops_corners, grunt_temple_overflow_order_and_chaos_1,
          grunt_dithmenos_smoke_and_mirrors, grunt_ministairs_4
D:5:      layout_cave_pools, grunt_temple_overflow_opulence, serial_gnoll_camp,
          gnoll_camp_mini_doghouse, gnoll_camp_mini_basic, gnoll_camp_medium_02,
          gnoll_camp_mini_shop, eino_curves_01, nrook_mini_backslash,
          grunt_decor_arrowhead
D:6:      layout_loops_ring, minmay_temple_entry_glass, uniq_maggie
D:7:      mumra_celtic_spiral_tile, layout_cave_pools,
          overflow_temple_1_default, st_stairs_2
D:8:      layout_loops_ring, serial_shops, shop, minmay_misc_feat_secret_circle,
          uniq_prince_ribbit1
Temple:   corrupted_temple

Skill      XL: |  1  2  3  4  5  6  7  8  9 |
---------------+----------------------------+-----
Shields        | 4 5 6 |  6.9
Axes           | 3 4 5 6 7 |  7.2
Armour         | 4 5 6 |  6.2
Fighting       | 4 5 6 |  6.2

Action                   |  1- 3 |  4- 6 |  7- 9 || total
-------------------------+-------+-------+-------++-------
Melee: War axe           |   103 |   202 |   221 ||   526
 Abil: Shaft Self        |       |     2 |       ||     2
       Dig               |       |     1 |     1 ||     2
Evoke: Wand              |       |       |     3 ||     3
  Use: Scroll            |       |    15 |     1 ||    16
Armor: Scale mail        |    50 |    33 |       ||    83
       Plate armour      |       |    73 |   157 ||   230
Dodge: Dodged            |    35 |    42 |    62 ||   139
Block: Kite shield       |    68 |   126 |   166 ||   360

Table legend: (Time is in decaauts)
 A = Elapsed time spent in this place.
 B = Non-inter-level travel time spent in this place.
 C = Inter-level travel time spent in this place.
 D = Time resting spent in this place.
 E = Time spent auto-exploring this place.
 F = Levels seen in this place.
 G = Mean time per level.
                   A        B        C        D        E       F      G
               +--------+--------+--------+--------+--------+-----+--------+
         Total |   8008 |   7826 |    182 |   1269 |   5104 |   9 |  889.8 |
       Dungeon |   7965 |   7796 |    169 |   1269 |   5098 |   8 |  995.6 |
        Temple |     42 |     29 |     13 |      0 |      6 |   1 |   42.0 |
               +--------+--------+--------+--------+--------+-----+--------+

Top non-repeatable levels by time:
     D:5: 1752 daAuts
     D:3: 1710 daAuts
     D:4: 1537 daAuts
     D:1: 1139 daAuts
     D:2: 1070 daAuts
     D:6: 293 daAuts
     D:7: 288 daAuts
     D:8: 173 daAuts
  Temple: 42 daAuts
